 Dungeon Crawl Stone Soup version 0.29.0-11-gd7f09526c8 (webtiles) character file.

Game seed: 15662028886368457038

125721 Zeldest the Blinker (level 17, -1/154 HPs)
             Began as a Meteoran Monk on Sept 3, 2022.
             Was an Elder of Wu Jian.
             Slain by Arachne
             ... wielding a staff of poison
              (10 damage)
             ... on level 2 of the Spider Nest.
             The game lasted 01:06:20 (7576 turns).

Zeldest the Blinker (Meteoran Monk)                 Turns: 7576, Time: 01:06:21

Health: -1/154     AC: 19    Str: 13    XL:     17   Next: 74%
Magic:  13/18      EV: 22    Int: 12    God:    Wu Jian [****..]
Gold:   624        SH: 15    Dex: 25    Spells: 0/16 levels left

rFire   + + .      SeeInvis .   d - +7 Throatcutter {drain, coup de grace}
rCold   + . .      Faith    .   z - +0 kite shield
rNeg    . . .      Spirit   .   M - +0 swamp dragon scales
rPois   +          Reflect  .   h - +2 helmet
rElec   .          Harm     .   k - scarf {rC+ rF+}
rCorr   .          Rampage  .   (no gloves)
Will    ++...      Clarity  +   w - +2 pair of boots
Stlth   +.........              K - amulet of the acrobat
HPRegen 0.35/turn               n - ring of protection from fire
MPRegen 0.16/turn               e - ring of wizardry

@: on berserk cooldown, slowed, glowing, studying Ice Magic, very slow
A: sense surroundings 2, otherworldly, glowing, explore regen, iridescent scales
1, clarity, inability to drink after injury 1
}: 1/15 runes: gossamer
a: Renounce Religion, Wall Jump, Serpent's Lash


You were on level 2 of the Spider Nest.
You worshipped Wu Jian.
Wu Jian was greatly pleased with you.
You visited 4 branches of the dungeon, and saw 24 of its levels.
You also visited: Ossuary and Volcano.

You collected 1544 gold pieces.
You spent 920 gold pieces at shops.

Inventory:

Hand Weapons
 d - the +7 Throatcutter (weapon) {drain, coup de grace}
   (You found it on level 2 of the Dungeon)

   A truly terrible weapon, it drains the life of any living foe it strikes.
   It may instantly kill foes which have little health.
Missiles
 t - 2 throwing nets (quivered)
Armour
 h - a +2 helmet (worn)
 k - a scarf of resistance (worn)
 w - a +2 pair of boots (worn)
 z - a +0 kite shield (worn)
 M - +0 swamp dragon scales (worn)
Jewellery
 e - a ring of wizardry (right hand)
 n - a ring of protection from fire (left hand)
 r - a ring of positive energy
 K - an amulet of the acrobat (around neck)
Wands
 f - a wand of light (7)
 B - a wand of mindburst (8)
 C - a wand of iceblast (3)
 D - a wand of charming (18)
 I - a wand of polymorph (9)
 L - a wand of flame (10)
Scrolls
 i - a scroll of noise
 m - 3 scrolls of enchant weapon
 u - 2 scrolls of enchant armour
 v - 2 scrolls of magic mapping
 y - 6 scrolls of immolation
 E - a scroll of amnesia
 H - 2 scrolls of poison
Potions
 a - 3 potions of lignification
 j - 2 potions of flight
 o - 4 potions of brilliance
 p - 4 potions of curing
 x - 4 potions of might
 A - 5 potions of mutation
 F - a potion of attraction
 G - 3 potions of invisibility {unknown}
Miscellaneous
 l - a condenser vane (inert)
 s - a phantom mirror


   Skills:
 - Level 14.3 Fighting
 - Level 14.0 Long Blades
 - Level 9.9 Armour
 - Level 15.6 Dodging
 - Level 1.4 Stealth
 - Level 13.7 Shields
 - Level 3.6 Unarmed Combat
 + Level 17.5 Translocations


You couldn't memorise any spells.
You knew the following spells:

 Your Spells              Type           Power      Damage    Failure   Level
a - Dispersal             Tloc           21%        N/A       5%          6
b - Wereblood             Tmut           0%         N/A       52%         2
c - Disjunction           Tloc           21%        N/A       89%         8

Your spell library contained the following spells:

 Spells                   Type           Power      Damage    Failure   Level
 Gell's Gravitas          Tloc           42%        N/A       1%          3
 Lesser Beckoning         Tloc           42%        N/A       1%          3
 Teleport Other           Tloc           42%        N/A       1%          3
 Passage of Golubria      Tloc           42%        N/A       1%          4
 Iskenderun's Mystic Bla  Conj/Tloc      21%        2d6       12%         4
 Beastly Appendage        Tmut           0%         N/A       41%         1
 Necrotise                Necr           0%         1d4       41%         1
 Sandblast                Erth           0%         2d4       41%         1
 Passwall                 Tmut/Erth      0%         N/A       52%         2
 Inner Flame              Hex/Fire       0%         N/A       77%         3
 Spider Form              Tmut/Pois      0%         N/A       77%         3
 Tukima's Dance           Hex            0%         N/A       77%         3
 Vampiric Draining        Necr           0%         2d6       77%         3
 Cause Fear               Hex            0%         N/A       98%         4
 Fulminant Prism          Conj/Hex       0%         3d6       98%         4
 Leda's Liquefaction      Hex/Erth       0%         N/A       98%         4
 Agony                    Necr           0%         N/A       100%        5
 Alistair's Intoxication  Tmut/Pois      0%         N/A       100%        5
 Borgnjor's Vile Clutch   Necr/Erth      0%         N/A       100%        5
 Lee's Rapid Deconstruct  Erth           0%         3d5*      100%        5
 Yara's Violent Unravell  Hex/Tmut       0%         3d3       100%        5
 Eringya's Noxious Bog    Tmut/Pois      0%         N/A       100%        6
 Statue Form              Tmut/Erth      0%         N/A       100%        6
 Discord                  Hex            0%         N/A       100%        8


Dungeon Overview and Level Annotations

Branches:
Dungeon (13/15) Zot: 3675    Lair (5/5) D:10 Zot: 1363   Swamp (0/4) Lair:2
 Spider (4/4) Lair:3 Zot: 1772   Slime (0/5) Lair:5          Orc (2/2) D:9 Zot: 303
    Elf (0/3) Orc:2        Vaults (0/5) D:13        Ossuary (visited)
Volcano (visited)
 Temple: D:4-7

Altars:
Ashenzari
Cheibriados
Elyvilon
Gozag
Nemelex Xobeh
Trog
Uskayaw
Wu Jian
Xom
The Shining One
Jiyva

Shops:
D:1 [   D:6 (   Orc:1 [   Orc:2 *?*=?

Annotations:
D:1 1 transporter
Spider:2 Arachne
Spider:3 Asterion


Innate Abilities, Weirdness & Mutations

You passively map the area around you.
You are easily found by Zot.
You glow in the dark.
You regain HP and MP as you explore.
You are partially covered in iridescent scales. (AC +2)
You possess an exceptional clarity of mind.
You occasionally lose the ability to drink potions when taking damage.


Message History

The wolf spider closely misses something.
The wolf spider hits itself!!
The wolf spider is killed!
The Council accepts your kill. Arachne closely misses you.
Arachne's staff shoots out a stream of webbing.
The stream of webbing hits you but does no damage.
You are even more entangled.
The jumping spider's many legs skitter faintly.
You feel much better. The jumping spider pounces on you!
* * * LOW HITPOINT WARNING * * *
The jumping spider closely misses you. Arachne hits you but does no damage.
Arachne envenoms you.
* * * LOW HITPOINT WARNING * * *
The jumping spider misses something.
The jumping spider closely misses something.
Arachne hits you with a staff of poison.
* * * LOW HITPOINT WARNING * * *
Arachne envenoms you.
* * * LOW HITPOINT WARNING * * *
You are poisoned.
Really read the scroll of immolation?
As you read the scroll of immolation, it crumbles to dust.
The creatures around you are filled with an inner flame!
You feel sick.
You are no longer poisoned.
The jumping spider seems less confused.
The jumping spider pounces on you but does no damage.
The jumping spider bites you.
* * * LOW HITPOINT WARNING * * *
Arachne hits you with a staff of poison!
* * * LOW HITPOINT WARNING * * *
Arachne envenoms you.
* * * LOW HITPOINT WARNING * * *
The jumping spider pounces on you but does no damage.
The jumping spider closely misses you. Arachne barely misses you.
The jumping spider leaps!
The web tears apart.
You block Arachne's attack.
Arachne hits you with a staff of poison!
You die...

*,,,##.,#..,,##s#*,^,,,,,,,,,,,,,
,,,,,..##..*....#*,**,^,,,,**,,,,
,,,,,,....##.°...,,**,,*,,****,**
***,,,,..ss.°.s,,,,,,,,**^****,**
*,,,,,,sss..,,,,,,,,,,,,,**,*,,,
****,,**#Hw#,******,**,,,,,,,,,,,
* *,,*,*#>###^* ****,,,,,,,,,,,
***#.,,*#w##.##### *,*,*,**,**,
**,*#..##†#*#s.#@# **********##
,,,,,#....###.#°H# **#^
,*.......#H..††.##* *.#.
,,..##....[.......# ***##*#§..
,^,..........##...# *,,#☼#☼§#§
,,...#....#.####### **,,,#☼☼§☼§
,,..##.#...## #...§☼☼§§§☼
,,##*#.....* ###.#§☼§☼§§ *,,*
##.#.#* #.,.§☼§§§§


You could see Arachne (inner flame).

Vanquished Creatures
  Bai Suzhen (Spider:4)
  Gastronok (Lair:3)
  Roxanne (Spider:4)
  An emperor scorpion (Spider:1)
  An orc warlord (Orc:2)
  7 ghost moths
  2 broodmothers
  2 entropy weavers (Spider:4)
  4 spark wasps
  A fire dragon (Lair:5)
  4 boulder beetles
  5 hydras
  4 two-headed ogres
  4 jorogumos (Spider:4)
  2 catoblepae
  An ogre mage (D:13)
  An alligator (Lair:3)
  5 orc high priests (Orc:2)
  A centaur warrior (D:13)
  A sun moth (Spider:4)
  A hell knight (Volcano)
  A fire crab (Lair:5)
  2 goliath frogs (Lair:3)
  5 pharaoh ants
  4 steelbarb worms
  5 orb spiders
  A swamp dragon (Lair:3)
  2 deep elf pyromancers
  2 orc knights
  An oklob plant (Lair:5)
  2 orc sorcerers (Orc:2)
  8 wolf spiders
  A cyclops (Orc:2)
  5 ugly things
  A manticore (D:11)
  A moth of wrath (Spider:4)
  12 elephants
  Maurice (Orc:2)
  7 black mambas
  4 molten gargoyles
  A smoke demon (Volcano)
  4 torpor snails
  6 cane toads
  Psyche (D:10)
  A gargoyle (D:10)
  2 kobold demonologists (D:11)
  7 demonic crawlers
  2 yaktaurs (D:13)
  11 komodo dragons
  2 red devils (Volcano)
  2 polar bears
  6 trolls
  24 tarantellas
  8 blink frogs
  A hornet (D:10)
  A slime creature (D:12)
  3 tyrant leeches (Lair:3)
  4 dream sheep (Lair:5)
  A shadow (D:11)
  13 jumping spiders
  12 wyverns
  10 culicivoras
  2 wraiths
  46 yaks
  6 fire bats (Volcano)
  4 steam dragons
  5 basilisks
  7 swamp worms
  8 vampire mosquitoes
  33 redbacks
  2 wargs (Orc:2)
  2 acid dragons
  6 hell hounds
  9 water moccasins
  2 ice beasts
  24 orc warriors
  2 black bears
  A sky beast (D:7)
  10 ogres
  9 wolves
  A boggart (D:13)
  8 centaurs
  A phantom (D:4)
  6 kobold brigands
  5 bullfrogs
  A gnoll sergeant (D:10)
  A scorpion (D:10)
  15 wights
  3 water moccasin zombies (Ossuary)
  13 killer bees
  An electric eel (Lair:2)
  3 howler monkeys (D:8)
  4 lava snakes
  A jelly (D:8)
  34 orc priests
  A hound (D:5)
  2 gnoll boudas
  2 iguanas
  Jessica (D:3)
  30 orc wizards
  6 hell rats
  2 mummies (Ossuary)
  5 adders
  10 gnolls
  3 river rats (Lair:4)
  A shadow imp (D:5)
  A white imp (D:7)
  5 adder zombies (Ossuary)
  2 worms
  3 dart slugs
  75 orcs
  A bat zombie (D:11)
  10 endoplasms
  10 goblins
  7 hobgoblins
  4 jackals
  5 quokkas
  5 ball pythons
  2 bats
  A frilled lizard (D:1)
  5 gnoll zombies (Ossuary)
  6 hobgoblin zombies (Ossuary)
  8 kobolds
  2 kobold zombies (Ossuary)
  4 orc zombies (Ossuary)
  4 rats
735 creatures vanquished.

Vanquished Creatures (collateral kills)
  A boulder beetle (Spider:2)
1 creature vanquished.

Vanquished Creatures (others)
  2 wolves (Lair:2)
  A centaur (D:13)
  A ball python (D:3)
  8 fungi
  49 plants
61 creatures vanquished.

Grand Total: 797 creatures vanquished

Notes
Turn   | Place    | Note
-------+----------+-------------------------------------------
     0 | D:1      | Zeldest the Meteoran Monk began the quest for the Orb.
     0 | D:1      | Reached XP level 1. HP: 19/19 MP: 2/2
    19 | D:2      | Found the +7 Throatcutter {drain, coup de grace}
    30 | D:2      | Reached skill level 1 in Long Blades
    30 | D:2      | Reached XP level 2. HP: 14/26 MP: 3/3
    31 | D:2      | Reached XP level 3. HP: 12/31 MP: 4/4
    78 | D:2      | Found an opulent altar of Gozag.
   198 | D:1      | Reached XP level 4. HP: 21/40 MP: 5/5
   351 | D:1      | You fall into a shaft and drop 1 floor!
   420 | D:3      | Found a bloodstained altar of Trog.
   421 | D:3      | Noticed Jessica
   423 | D:3      | Found a shimmering altar of Xom.
   423 | D:3      | Found a glowing golden altar of the Shining One.
   424 | D:3      | Killed Jessica
   431 | D:3      | Reached XP level 5. HP: 45/46 MP: 6/6
   470 | D:3      | Noticed an ice beast
   474 | D:3      | Killed an ice beast
   475 | D:3      | Reached XP level 6. HP: 53/53 MP: 7/7
   513 | D:3      | Found a white marble altar of Elyvilon.
   533 | D:3      | Identified the +3 dagger "Xottaem" {drain, Int+2}
   656 | D:1      | Found Dest's Armour Shop.
   809 | D:4      | Reached skill level 5 in Dodging
  1166 | D:4      | Reached skill level 5 in Long Blades
  1299 | D:5      | Entered Level 5 of the Dungeon
  1314 | D:4      | Reached XP level 7. HP: 60/60 MP: 8/8
  1372 | D:5      | Reached skill level 5 in Fighting
  1504 | D:5      | Reached XP level 8. HP: 39/68 MP: 9/9
  1560 | D:6      | Found an ornate altar of the Wu Jian Council.
  1583 | D:6      | Became a worshipper of the Wu Jian Council
  1583 | D:6      | Reached * piety under Wu Jian
  1583 | D:6      | Reached ** piety under Wu Jian
  1617 | D:6      | Found Gad Heri's Weapon Shop.
  1767 | D:7      | Noticed a deep elf pyromancer
  1774 | D:7      | Killed a deep elf pyromancer
  1775 | D:7      | Gained mutation: You passively map the area around you.
                  | [Meteoran growth]
  1775 | D:7      | Reached XP level 9. HP: 43/78 MP: 10/10
  1918 | D:7      | Found a hide-covered altar of Uskayaw.
  1918 | D:7      | Noticed a +0 falchion
  1918 | D:7      | Noticed a +0 short sword
  1919 | D:7      | Noticed a +0 falchion
  1919 | D:7      | Noticed a +0 short sword
  1919 | D:7      | Noticed a +0 dagger
  1924 | D:7      | Noticed a +0 spear
  1924 | D:7      | Noticed a +0 dagger
  1926 | D:7      | Noticed a +0 spear
  1945 | D:7      | Noticed a two-headed ogre
  1954 | D:7      | Killed a two-headed ogre
  1955 | D:7      | Reached skill level 10 in Long Blades
  1955 | D:7      | Reached XP level 10. HP: 27/86 MP: 11/11
  1955 | D:7      | Found a sparkling altar of Nemelex Xobeh.
  2050 | D:8      | Found a sand-covered staircase.
  2055 | Ossuary  | Entered an ossuary
  2115 | Ossuary  | Reached *** piety under Wu Jian
  2439 | D:8      | Found a snail-covered altar of Cheibriados.
  2592 | D:9      | Found a broken altar of Ashenzari.
  2661 | D:9      | Found a staircase to the Orcish Mines.
  2661 | D:9      | Reached **** piety under Wu Jian
  2680 | D:9      | Identified the +7 dagger of Fortitude {vorpal, rN+}
  2697 | D:9      | Reached XP level 11. HP: 82/95 MP: 12/12
  2709 | D:9      | Reached skill level 5 in Shields
  2826 | Orc:1    | Entered Level 1 of the Orcish Mines
  2829 | Orc:1    | Found Qifeub's Antique Armour Shop.
  2888 | Orc:1    | Noticed an orc knight
  2899 | Orc:1    | Killed an orc knight
  2920 | Orc:1    | Reached skill level 10 in Dodging
  2949 | Orc:2    | Entered Level 2 of the Orcish Mines
  2949 | Orc:2    | Noticed an orc sorcerer
  2955 | Orc:2    | Killed an orc sorcerer
  3032 | Orc:1    | Bought a shimmering ring mail for 288 gold pieces
  3032 | Orc:1    | Identified the +1 ring mail "Xotroh" {rN+ Str-3 Stlth+}
                  | (You bought it in a shop on level 1 of the Orcish Mines)
  3134 | Orc:2    | Reached ***** piety under Wu Jian
  3159 | Orc:2    | Noticed an orc high priest
  3161 | Orc:2    | HP: 3/97 [orc priest/divine providence (14)]
  3211 | Orc:2    | Found Refa's Magic Scroll Shoppe.
  3222 | Orc:2    | Noticed Maurice
  3223 | Orc:2    | Noticed an orc high priest
  3231 | Orc:2    | Noticed an orc sorcerer
  3232 | Orc:2    | Killed an orc sorcerer
  3236 | Orc:2    | Killed an orc high priest
  3237 | Orc:2    | Reached XP level 12. HP: 29/106 MP: 13/13
  3241 | Orc:2    | Killed an orc high priest
  3242 | Orc:2    | Noticed an orc warlord
  3244 | Orc:2    | Reached skill level 10 in Fighting
  3304 | D:10     | Entered Level 10 of the Dungeon
  3356 | D:10     | Found a staircase to the Lair.
  3360 | D:10     | Noticed a two-headed ogre
  3368 | D:10     | Killed a two-headed ogre
  3373 | D:10     | Noticed Psyche
  3377 | D:10     | Killed Psyche
  3398 | Lair:1   | Entered Level 1 of the Lair of Beasts
  3414 | Lair:1   | Noticed an eight-headed hydra
  3414 | Lair:1   | Noticed a catoblepas
  3426 | Lair:1   | Killed an eight-headed hydra
  3438 | Lair:1   | Killed a catoblepas
  3439 | Lair:1   | Reached XP level 13. HP: 47/116 MP: 14/14
  3444 | Lair:1   | HP: 4/116 [cane toad (9)]
  3535 | Lair:1   | Reached skill level 1 in Armour
  3550 | Lair:1   | Reached skill level 10 in Shields
  3564 | Lair:1   | Noticed a four-headed hydra
  3572 | Lair:1   | Killed a four-headed hydra
  3588 | Lair:1   | Identified the +0 mace of Asiteh {holy, Contam rC+ Will+}
  3622 | Lair:2   | Noticed a five-headed hydra
  3639 | Lair:2   | Killed a seven-headed hydra
  3689 | Lair:3   | Reached skill level 5 in Armour
  3691 | Lair:3   | Noticed an eight-headed hydra
  3703 | Lair:3   | Killed a 15-headed hydra
  3707 | Lair:3   | Reached XP level 14. HP: 10/127 MP: 15/15
  3724 | Lair:3   | You fall into a shaft and drop 2 floors!
  3724 | Lair:5   | Entered Level 5 of the Lair of Beasts
  3797 | Lair:5   | Found a staircase to the Slime Pits.
  3798 | Lair:5   | Found a viscous altar of Jiyva.
  3862 | Lair:5   | Noticed a fire dragon
  3868 | Lair:5   | Found a large runed translucent door.
  3868 | Lair:5   | Found a large runed translucent door.
  3890 | Lair:5   | Killed a fire dragon
  4087 | Lair:5   | Found a dark tunnel.
  4091 | Volcano  | Entered a volcano
  4206 | Volcano  | Found a radiant altar of Vehumet.
  4220 | Volcano  | Reached XP level 15. HP: 121/137 MP: 16/16
  4330 | Lair:5   | Reached skill level 15 in Dodging
  4472 | Lair:3   | Noticed Gastronok
  4486 | Lair:3   | Killed Gastronok
  4728 | Lair:2   | Found a staircase to the Swamp.
  4799 | Lair:2   | Reached ****** piety under Wu Jian
  4978 | Lair:3   | Found a hole to the Spider Nest.
  5348 | Orc:2    | Killed an orc warlord
  5361 | Orc:2    | Killed Maurice
  5397 | Orc:2    | Found Ropuh's Jewellery Shop.
  5397 | Orc:2    | Found Donushok's General Store.
  5397 | Orc:2    | Found Jupopaic's General Store.
  5401 | Orc:2    | Found Nemay's Magic Scroll Boutique.
  5407 | Orc:2    | Bought a book of the Warp for 512 gold pieces
  5408 | Orc:2    | Bought a potion of heal wounds for 75 gold pieces
  5408 | Orc:2    | Bought a potion of curing for 45 gold pieces
  5498 | Orc:2    | Reached skill level 1 in Translocations
  5515 | Orc:2    | Reached skill level 2 in Translocations
  5585 | Orc:2    | Found a staircase to the Elven Halls.
  5664 | Orc:1    | Reached skill level 3 in Translocations
  5913 | D:11     | Reached skill level 4 in Translocations
  6104 | D:11     | Reached skill level 5 in Translocations
  6194 | D:11     | Reached skill level 6 in Translocations
  6456 | D:13     | Identified the +1 cloak "Sunasuhe" {rC- Will+ Str+7}
  6489 | D:13     | Reached skill level 7 in Translocations
  6491 | D:13     | Reached XP level 16. HP: 118/147 MP: 17/17
  6500 | D:13     | Reached skill level 8 in Translocations
  6700 | D:13     | Found a gate to the Vaults.
  6769 | D:13     | Gained mutation: You occasionally lose the ability to drink
                  | potions when taking damage. [potion of mutation]
  6769 | D:13     | Gained mutation: You are frail. (-10% HP) [potion of
                  | mutation]
  6769 | D:13     | Gained mutation: Your muscles are strong. (Str +4, Int/Dex
                  | -1) [potion of mutation]
  6770 | D:13     | Lost mutation: You are frail. (-10% HP) [potion of
                  | mutation]
  6770 | D:13     | Lost mutation: Your muscles are strong. (Str +4, Int/Dex
                  | -1) [potion of mutation]
  6770 | D:13     | Gained mutation: You possess an exceptional clarity of
                  | mind. [potion of mutation]
  6770 | D:13     | Gained mutation: You are partially covered in iridescent
                  | scales. (AC +2) [potion of mutation]
  6938 | Spider:1 | Entered Level 1 of the Spider Nest
  6974 | Spider:1 | Reached skill level 9 in Translocations
  6990 | Spider:1 | Noticed an emperor scorpion
  6998 | Spider:1 | Killed an emperor scorpion
  6999 | Spider:1 | Reached skill level 10 in Translocations
  7004 | Spider:1 | Noticed a ghost moth
  7014 | Spider:1 | Killed a ghost moth
  7027 | Spider:2 | Noticed a ghost moth
  7032 | Spider:2 | Killed a ghost moth
  7033 | Spider:2 | Reached skill level 11 in Translocations
  7047 | Spider:3 | Noticed Asterion
  7054 | Spider:3 | Noticed a ghost moth
  7060 | Spider:3 | Killed a ghost moth
  7067 | Spider:3 | Reached skill level 12 in Translocations
  7084 | Spider:3 | Noticed an emperor scorpion
  7117 | Spider:4 | Entered Level 4 of the Spider Nest
  7117 | Spider:4 | Noticed Bai Suzhen
  7118 | Spider:4 | Identified Roxanne's Spellbook of Stones
  7118 | Spider:4 | Noticed Roxanne
  7133 | Spider:4 | Reached skill level 13 in Translocations
  7141 | Spider:4 | Noticed a ghost moth
  7172 | Spider:4 | Reached skill level 14 in Translocations
  7176 | Spider:4 | Reached XP level 17. HP: 121/154 MP: 18/18
  7204 | Spider:4 | Reached skill level 15 in Translocations
  7229 | Spider:4 | Killed Bai Suzhen
  7251 | Spider:4 | Killed Roxanne
  7252 | Spider:4 | Reached skill level 16 in Translocations
  7261 | Spider:4 | Learned a level 6 spell: Dispersal
  7293 | Spider:4 | Learned a level 2 spell: Wereblood
  7302 | Spider:4 | Learned a level 8 spell: Disjunction
  7464 | Spider:4 | Got a gossamer rune of Zot
  7519 | Spider:3 | Reached skill level 17 in Translocations
  7530 | Spider:2 | Noticed Arachne
  7572 | Spider:2 | HP: 6/154 [Arachne/staff of poison (2)]
  7576 | Spider:2 | Slain by Arachne

Illustrated notes

Levels and vault maps discovered:
D:1:      spicycebolla_arrival_transporter_tutorial, layout_loops_ring,
          serial_bayou, serial_bayou_crossing, serial_bayou_shore_a,
          serial_bayou_pond_b, serial_bayou_pond_c, serial_shops,
          nicolae_shop_advertising_works [nicolae_subvault_shop_adworks]
D:2:      layout_basic, basic_altar, chequers_ecumenical_altar_simple_redux
D:3:      layout_basic, bloody_trog, zin_academy, grunt_temple_overflow_open,
          elyvilon_altar_4, uniq_jessica
D:4:      layout_loops_ring, minmay_box_of_dots, uniq_sigmund
D:5:      layout_loops_ring, nicolae_overflow_hidden_temple, serial_shops, shop
D:6:      layout_gridville, mainiacjoe_overflow_brackets, serial_shops,
          nicolae_square_shop
D:7:      layout_rooms, nicolae_uskayaw_en_pointe,
          mainiacjoe_overflow_concentric_impassable, lemuel_temple_firewalk_b,
          moated_statue, minivault_24, guppyfry_early_elven_hall
D:8:      layout_basic, lemuel_doored_altar, enter_ossuary_2, uniq_erica
D:9:      layout_cave_pods, mainiacjoe_overflow_small_starburst,
          mainiacjoe_overflow_alcove_1, erik_orc_4,
          gammafunk_ghost_nasty_kobolds, uniq_maggie
D:10:     layout_basic, minmay_lair_entry_grove, eino_tiny_chamber, uniq_psyche
D:11:     layout_long_grid, eino_small_chamber_without_monster,
          lemuel_zombie_altar_kikubaaqudgha
D:12:     layout_loops_ring, minmay_misc_feat_hallway, dk_noncrumbling_3,
          minivault_27, st_stairs_5, hellmonk_guarded_unrand_seven_league_boots
D:13:     layout_roguey, hangedman_vaults_entry_quadrant_bands,
          nzn_life_drinkers
Lair:1:   layout_cave_shapes
Lair:2:   wander_river, layout_regular_city, nicolae_swamp_entry_splash_gauntlet
Lair:3:   onia_ninara_swampy_vault, layout_small_grid,
          spider_nest_entry_web_field, hangedman_lair_unloving_vines,
          uniq_gastronok
Lair:4:   nzn_winding_woodlands_medium [nzn_winding_woodlands_5x5_checkerboard,
          nzn_winding_woodlands_5x15_pool, nzn_winding_woodlands_5x5_cross,
          nzn_winding_woodlands_5x5_closed_star,
          nzn_winding_woodlands_center_pierced_h,
          nzn_winding_woodlands_5x5_perimeter,
          nzn_winding_woodlands_5x5_default,
          nzn_winding_woodlands_5x15_longhouse,
          nzn_winding_woodlands_5x5_default], layout_cave_pods,
          kennysheep_abandoned_house
Lair:5:   cheibrodos_lair_end_hotspot, layout_layer_cave,
          nicolae_slime_entry_slimehenge, nicolae_volcano_entry_lava_flow,
          dreamdust_mushroom_princess
Spider:1: layout_spider_delve, nicolae_spider_not_touching_you
Spider:2: layout_spider_delve, ebering_ghost_reflecting_pool, drop_trap,
          hangedman_spider_tarantella_strand, uniq_arachne
Spider:3: layout_spider_delve, uniq_asterion
Spider:4: johnstein_spider_rune_arachne_lair, gammafunk_ghost_grave,
          uniq_bai_suzhen, uniq_roxanne
Orc:1:    layout_caves, serial_shops, nicolae_shop_waterfront
Orc:2:    st_orc_mages, layout_caves, serial_shops, shop, uniq_maurice

Skill      XL: |  1  2  3  4  5  6  7  8  9 10 11 12 13 14 15 16 17 |
---------------+----------------------------------------------------+-----
Long Blades    | 1 2 3 4 5 6 8 10 11 13 14 | 14.0
Dodging        | 4 5 7 8 9 10 12 13 14 15 | 15.6
Fighting       | 4 5 6 7 8 9 11 12 13 14 | 14.3
Shields        | 2 4 7 9 11 12 13 | 13.7
Armour         | 5 8 9 |  9.9
Translocations | 7 14 17 | 17.5
Stealth        | |  1.4
Unarmed Combat | |  3.6

Action                   |  1- 3 |  4- 6 |  7- 9 | 10-12 | 13-15 | 16-18 || total
-------------------------+-------+-------+-------+-------+-------+-------++-------
Melee: Long sword        |    34 |    85 |    70 |   479 |   844 |   508 ||  2020
       Punch             |     1 |     1 |     1 |       |       |       ||     3
       Unarmed           |       |       |       |    20 |     5 |       ||    25
 Cast: Dispersal         |       |       |       |       |       |     2 ||     2
Invok: Whirlwind         |       |       |    21 |   237 |   500 |   334 ||  1092
       Lunge             |       |       |    10 |    61 |    76 |    30 ||   177
       Heavenly Storm    |       |       |       |     1 |     3 |     2 ||     6
       Serpent's Lash    |       |       |       |     2 |    12 |    10 ||    24
 Abil: Wall Jump         |       |       |       |     5 |     1 |     2 ||     8
Evoke: Wand              |       |       |       |       |     8 |       ||     8
       Condenser vane    |       |       |       |       |       |     1 ||     1
  Use: Scroll            |       |       |       |     8 |    11 |    13 ||    32
       Potion            |       |       |       |     8 |     7 |    13 ||    28
 Stab: Confused          |       |       |       |       |       |     1 ||     1
Armor: Ring mail         |    18 |    39 |    20 |    64 |    58 |       ||   199
       Skin              |       |       |       |    56 |     1 |       ||    57
       Acid dragon scale |       |       |       |       |    44 |     4 ||    48
       Swamp dragon scal |       |       |       |       |       |    81 ||    81
Dodge: Dodged            |    20 |    60 |    29 |   200 |   523 |   457 ||  1289
Block: Buckler           |       |       |       |   109 |    68 |       ||   177
       Kite shield       |       |       |       |       |    85 |   326 ||   411
